[Event "ICC tourney 2263 (75 10)"]
[Site "Internet Chess Club"]
[Date "2021.01.02"]
[Round "1"]
[White "psenguttuvan"]
[Black "MarNira17"]
[Result "1-0"]
[ICCResult "Black checkmated"]
[WhiteElo "1016"]
[BlackElo "1303"]
[Opening "Giuoco Piano: four knights variation"]
[ECO "C50"]
[NIC "IG.02"]
[Time "11:02:02"]
[PlyCount "101"]
[TimeControl "4500+10"]

1. e4 e5 2. Nf3 Nc6 3. Bc4 Bc5 4. Nc3 Nf6 5. O-O d6 6. h3 O-O 7. d3 h6 8.
Be3 Bb6 9. a3 Be6 10. Nd5 Bxd5 11. exd5 Nd4 12. c3 Nxf3+ 13. Qxf3 Qe7 14.
d4 Rfe8 15. Qg3 g5 16. Rfe1 c6 17. dxc6 bxc6 18. dxe5 Qxe5 19. Qxe5 Rxe5
20. Bxb6 Rxe1+ 21. Rxe1 axb6 22. Re7 d5 23. Bd3 c5 24. Rc7 Kg7 25. Rb7 Ra6
26. Bxa6 d4 27. cxd4 cxd4 28. Rxb6 Nd5 29. Rd6 Nc7 30. Bd3 Ne8 31. Rxd4 Nf6
32. a4 Ne8 33. a5 Nc7 34. a6 Kf6 35. a7 Ke7 36. Be4 Nb5 37. a8=Q Nxd4 38.
Qa7+ Ke6 39. Qxd4 Ke7 40. b4 Ke6 41. b5 f5 42. Bd5+ Kd6 43. Qc4 Ke5 44. b6
g4 45. b7 gxh3 46. b8=Q+ Kf6 47. Qb6+ Kg5 48. f4+ Kh4 49. Qxh6+ Kg3 50.
Qd3+ Kg4 51. Qg5# { Black checkmated } 1-0

[Event "ICC tourney 2263 (75 10)"]
[Site "Internet Chess Club"]
[Date "2021.01.02"]
[Round "1"]
[White "oxdidi"]
[Black "prkukuku"]
[Result "0-1"]
[ICCResult "White checkmated"]
[WhiteElo "959"]
[BlackElo "1288"]
[Opening "Petrov's defense"]
[ECO "C42"]
[NIC "RG.03"]
[Time "11:01:36"]
[PlyCount "44"]
[TimeControl "4500+10"]

1. e4 e5 2. Nf3 Nf6 3. Nxe5 Nc6 4. Nxc6 dxc6 5. Nc3 Bc5 6. h3 Qd4 7. Qf3
Be6 8. d3 Bb4 9. Bd2 Qb6 10. a3 Bd6 11. Be3 Qxb2 12. Qd1 Be5 13. d4 Qxc3+
14. Qd2 Qxa1+ 15. Ke2 Nxe4 16. Qd3 Nc3+ 17. Kf3 Bd5+ 18. Kg4 h5+ 19. Kh4
Bd6 20. f4 Qe1+ 21. Kg5 Qg3+ 22. Kf5 Be6# { White checkmated } 0-1

[Event "ICC tourney 2263 (75 10)"]
[Site "Internet Chess Club"]
[Date "2021.01.02"]
[Round "1"]
[White "OS99"]
[Black "martinjames28"]
[Result "0-1"]
[ICCResult "White checkmated"]
[WhiteElo "870"]
[BlackElo "1196"]
[Opening "Caro-Kann: classical, Spassky variation"]
[ECO "B18"]
[NIC "CK.12"]
[Time "11:02:16"]
[PlyCount "122"]
[TimeControl "4500+10"]

1. e4 c6 2. d4 d5 3. Nc3 dxe4 4. Nxe4 Bf5 5. Ng3 Bg6 6. Nf3 Nd7 7. h4 h6 8.
h5 Bh7 9. Bd3 Bxd3 10. Qxd3 Ngf6 11. Bd2 e6 12. O-O-O Bd6 13. Kb1 O-O 14.
Ne4 Nxe4 15. Qxe4 Nf6 16. Qd3 Qb6 17. Be3 Ng4 18. Qd2 Nxe3 19. Qxe3 c5 20.
g4 cxd4 21. Rxd4 Bc5 22. g5 Bxd4 23. Nxd4 Rfd8 24. c3 Rd5 25. gxh6 e5 26.
hxg7 exd4 27. Qd3 Qh6 28. Qe4 Qh7 29. Qxh7+ Kxh7 30. h6 Rd6 31. cxd4 Rxd4
32. Rh5 Rc8 33. a3 Rd6 34. Rf5 Rxh6 35. Rxf7 Rg6 36. Rf8 Rcc6 37. g8=Q+
Rxg8 38. Rxg8 Kxg8 39. f4 Rf6 40. Kc2 Rxf4 41. Kc3 a5 42. Kc2 b5 43. Kd3
Rf2 44. Kc3 b4+ 45. Kb3 bxa3 46. bxa3 Kf7 47. a4 Ke6 48. Kc4 Kd6 49. Kb5
Rf5+ 50. Kb6 Kd5 51. Kb5 Kd4+ 52. Kb6 Kc4 53. Ka6 Kb4 54. Kb6 Kxa4 55. Ka6
Kb4 56. Kb6 a4 57. Ka6 a3 58. Kb6 Rc5 59. Kb7 Kb5 60. Kb8 Kb6 61. Ka8 Rc8#
{ White checkmated } 0-1

[Event "ICC tourney 2263 (75 10)"]
[Site "Internet Chess Club"]
[Date "2021.01.02"]
[Round "1"]
[White "cappyal"]
[Black "Chai2006"]
[Result "0-1"]
[ICCResult "White resigns"]
[WhiteElo "624"]
[BlackElo "1159"]
[Opening "French: exchange variation"]
[ECO "C01"]
[NIC "FR.01"]
[Time "11:01:36"]
[PlyCount "56"]
[TimeControl "4500+10"]

1. e4 e6 2. d4 d5 3. exd5 exd5 4. h3 Nf6 5. Bg5 Be6 6. Nf3 Nbd7 7. Bb5 c6
8. Bd3 Qb6 9. b3 g6 10. O-O Bg7 11. Bxf6 Bxf6 12. Be2 O-O 13. Nc3 Bf5 14.
Qd2 Qa5 15. Bd3 Bxd3 16. Qxd3 Nb6 17. Rfe1 c5 18. Ne2 c4 19. Qe3 Rfe8 20.
Qh6 Bg7 21. Qh4 Re4 22. Qg3 Rae8 23. Kf1 Bh6 24. c3 Qb5 25. b4 Na4 26. Neg1
Nxc3 27. Rxe4 Nxe4 28. Re1 Nxg3+ { White resigns } 0-1

[Event "ICC tourney 2263 (75 10)"]
[Site "Internet Chess Club"]
[Date "2021.01.02"]
[Round "1"]
[White "charlestxie"]
[Black "oecooke"]
[Result "1-0"]
[ICCResult "Black checkmated"]
[WhiteElo "1366"]
[BlackElo "1022"]
[Opening "Grünfeld: exchange variation"]
[ECO "D85"]
[NIC "GI.04"]
[Time "11:01:47"]
[PlyCount "59"]
[TimeControl "4500+10"]

1. d4 Nf6 2. c4 g6 3. Nc3 d5 4. cxd5 Nxd5 5. e4 Nxc3 6. bxc3 c5 7. h3 Bg7
8. Nf3 Nc6 9. Be3 O-O 10. Be2 Qa5 11. Qd2 Rd8 12. Rd1 e5 13. d5 Be6 14. Qc2
Bd7 15. dxc6 Bxc6 16. Rxd8+ Rxd8 17. O-O Ba4 18. Qb2 b6 19. Bc4 Bc6 20. Ng5
Rd7 21. Qb3 b5 22. Bxf7+ Kh8 23. Qe6 Qd8 24. Qxc6 h6 25. Be6 Rd1 26. Nf7+
Kg8 27. Nxd8+ Kh7 28. Qe8 Rxf1+ 29. Kxf1 b4 30. Qg8# { Black checkmated }
1-0

[Event "ICC tourney 2263 (75 10)"]
[Site "Internet Chess Club"]
[Date "2021.01.02"]
[Round "1"]
[White "LeoBerkson"]
[Black "kitook"]
[Result "0-1"]
[ICCResult "White resigns"]
[WhiteElo "1136"]
[BlackElo "426"]
[Opening "Queen's pawn game"]
[ECO "D00"]
[NIC "QP.08"]
[Time "11:02:24"]
[PlyCount "76"]
[TimeControl "4500+10"]

1. d4 d5 2. e3 Nf6 3. f4 Nc6 4. Nf3 Bf5 5. Bd3 e6 6. O-O Bd6 7. Ne5 O-O 8.
c3 Bxd3 9. Qxd3 Nd7 10. e4 Ndxe5 11. fxe5 Be7 12. Qg3 g6 13. Bh6 Re8 14.
Qf3 Bf8 15. Qxf7+ Kh8 16. Be3 Qe7 17. Qf3 Bg7 18. exd5 exd5 19. Qxd5 Rad8
20. Qe4 Rf8 21. Nd2 Qd7 22. c4 Nxd4 23. e6 Nxe6 24. Rad1 a6 25. Nb3 Qxd1
26. Bf2 Qd7 27. c5 c6 28. Bh4 Rde8 29. Rxf8+ Rxf8 30. h3 Re8 31. Qg4 Qd5
32. Qe2 Rf8 33. Be7 Rf7 34. Bd6 Bf8 35. Be5+ Bg7 36. Nd4 Bxe5 37. Nxe6 Qxe6
38. Kh1 Re7 { White resigns } 0-1

[Event "ICC tourney 2263 (75 10)"]
[Site "Internet Chess Club"]
[Date "2021.01.02"]
[Round "1"]
[White "tinyattacker"]
[Black "adamdlevy"]
[Result "1-0"]
[ICCResult "Black resigns"]
[WhiteElo "1216"]
[BlackElo "909"]
[Opening "King's pawn game"]
[ECO "C50"]
[NIC "IG.03"]
[Time "11:01:45"]
[PlyCount "89"]
[TimeControl "4500+10"]

1. e4 e5 2. Nf3 Nc6 3. Bc4 h6 4. d4 d6 5. dxe5 dxe5 6. Qxd8+ Kxd8 7. Bxf7
Nf6 8. Nc3 Bb4 9. Bg6 Bg4 10. Nd2 Bxc3 11. bxc3 Kd7 12. h3 Be6 13. Bf5 Bxf5
14. exf5 Ne7 15. g4 h5 16. Rg1 hxg4 17. hxg4 Rh4 18. f3 Rah8 19. Bb2 Rh1
20. O-O-O Rxg1 21. Rxg1 Nc6 22. Ne4 b6 23. g5 Nxe4 24. fxe4 Rh4 25. Re1 Na5
26. Rd1+ Kc8 27. Re1 Nc4 28. a4 a5 29. g6 Kb7 30. Kb1 Nd2+ 31. Kc1 Nxe4 32.
c4 Nd6 33. Bxe5 Rxc4 34. Bxd6 cxd6 35. Re7+ Rc7 36. Rxc7+ Kxc7 37. f6 gxf6
38. g7 f5 39. g8=Q Kc6 40. Qf7 d5 41. Qxf5 Kc5 42. Kb2 Kc4 43. Qd3+ Kc5 44.
Qb5+ Kd6 45. Qxb6+ { Black resigns } 1-0

[Event "ICC tourney 2263 (75 10)"]
[Site "Internet Chess Club"]
[Date "2021.01.02"]
[Round "1"]
[White "VirginiaGuy"]
[Black "aaronfeng"]
[Result "1/2-1/2"]
[ICCResult "Game drawn by mutual agreement"]
[WhiteElo "1298"]
[BlackElo "993"]
[Opening "Giuoco Piano: four knights variation"]
[ECO "C47"]
[NIC "KP.06"]
[Time "11:02:24"]
[PlyCount "51"]
[TimeControl "4500+10"]

1. e4 e5 2. Nf3 Nc6 3. Nc3 Nf6 4. Bc4 Bc5 5. O-O O-O 6. d3 d6 7. h3 h6 8.
a3 a5 9. Re1 Be6 10. Ba2 Re8 11. Be3 Nd4 12. Nb1 b5 13. Nc3 c6 14. Bxd4
Bxd4 15. Nxd4 exd4 16. Ne2 Bxa2 17. Rxa2 c5 18. Ra1 d5 19. exd5 Nxd5 20.
Ng3 Nf4 21. Qf3 Qc7 22. Re4 Rxe4 23. Qxe4 Rd8 24. Re1 c4 25. Nf5 Ne6 26.
Qe5 { Game drawn by mutual agreement } 1/2-1/2

[Event "ICC tourney 2263 (75 10)"]
[Site "Internet Chess Club"]
[Date "2021.01.02"]
[Round "1"]
[White "wanderingeigeas"]
[Black "mooose"]
[Result "1-0"]
[ICCResult "Black resigns"]
[WhiteElo "1177"]
[BlackElo "771"]
[Opening "Scotch gambit"]
[ECO "C44"]
[NIC "SO.06"]
[Time "11:02:20"]
[PlyCount "61"]
[TimeControl "4500+10"]

1. e4 e5 2. Nf3 Nc6 3. d4 exd4 4. Bc4 Qe7 5. O-O Nf6 6. e5 Nxe5 7. Nxe5
Qxe5 8. Re1 Ne4 9. f3 d5 10. Bd3 Bd6 11. fxe4 Qxh2+ 12. Kf1 Qh1+ 13. Kf2
Qh4+ 14. Kf1 O-O 15. e5 Re8 16. Nd2 Bg4 17. Nf3 Qg3 18. exd6 Bxf3 19. gxf3
Rxe1+ 20. Qxe1 Qxf3+ 21. Qf2 Qh1+ 22. Ke2 Re8+ 23. Kd2 Qh6+ 24. Kd1 Qh5+
25. Be2 Qh1+ 26. Qf1 Qe4 27. d7 Re7 28. d8=Q+ Re8 29. Qd7 d3 30. Qdxf7+ Kh8
31. Qf8+ { Black resigns } 1-0

[Event "ICC tourney 2263 (75 10)"]
[Site "Internet Chess Club"]
[Date "2021.01.02"]
[Round "1"]
[White "goodgovernment"]
[Black "cautiouscottage"]
[Result "0-1"]
[ICCResult "White resigns"]
[WhiteElo "1380"]
[BlackElo "1053"]
[Opening "Sicilian defense"]
[ECO "B40"]
[NIC "SI.43"]
[Time "11:02:24"]
[PlyCount "84"]
[TimeControl "4500+10"]

1. e4 c5 2. Nf3 e6 3. Nc3 a6 4. a4 Qc7 5. Bd3 d6 6. O-O Nf6 7. Re1 Nbd7 8.
Bc4 Be7 9. d3 O-O 10. Bf4 b6 11. e5 dxe5 12. Nxe5 Nxe5 13. Bxe5 Qc6 14. h3
Bb7 15. Ne4 Nxe4 16. Rxe4 f5 17. Rg4 fxg4 18. Qxg4 Bf6 19. Bxe6+ Kh8 20.
Re1 Rae8 21. Bd7 Qd5 22. c4 Qxd3 23. Bf5 Qd2 24. Rd1 Qg5 25. Bxf6 Qxg4 26.
Bxg4 Rxf6 27. f3 h6 28. Rd7 Bc6 29. Ra7 a5 30. b3 Rd6 31. Bf5 Re5 32. Bc2
Kg8 33. Ra6 Bd7 34. Be4 Bf5 35. Bd5+ Kh7 36. Ra8 Kg6 37. g4 Bc2 38. Kf2
Bxb3 39. Be4+ Kf6 40. h4 Bxc4 41. Bf5 g6 42. Be4 Bb3 { White resigns } 0-1

[Event "ICC tourney 2263 (75 10)"]
[Site "Internet Chess Club"]
[Date "2021.01.02"]
[Round "1"]
[White "Sax-Maniac"]
[Black "sassymareese"]
[Result "0-1"]
[ICCResult "White checkmated"]
[WhiteElo "1027"]
[BlackElo "1375"]
[Opening "English opening"]
[ECO "A13"]
[NIC "EO.64"]
[Time "11:01:39"]
[PlyCount "138"]
[TimeControl "4500+10"]

1. c4 e6 2. a3 d5 3. e3 Nf6 4. Nf3 Be7 5. Nc3 O-O 6. Be2 dxc4 7. Bxc4 Nbd7
8. O-O b6 9. d4 Bb7 10. Re1 c5 11. e4 cxd4 12. Nxd4 Ne5 13. Ba2 Bc5 14. Nb3
Bxf2+ 15. Kxf2 Nfg4+ 16. Kg1 Qh4 17. Bf4 Qf2+ 18. Kh1 Qxf4 19. g3 Nf2+ 20.
Kg1 Nxd1 21. gxf4 Nf3+ 22. Kf1 Ba6+ 23. Ne2 Ne3+ 24. Kf2 Nxe1 25. Rxe1 Bxe2
26. Rxe2 Ng4+ 27. Kg3 Nf6 28. e5 Nd5 29. Rd2 Rad8 30. Rf2 Ne7 31. Nc1 Nf5+
32. Kg2 Ne3+ 33. Kf3 Nf5 34. Bb1 Nd4+ 35. Kg2 Nf5 36. Be4 Ne3+ 37. Kf3 Nd5
38. Nb3 Rd7 39. Rd2 Rfd8 40. Rg2 Ne7 41. Rg4 Rd3+ 42. Bxd3 Rxd3+ 43. Ke2
Rxb3 44. Rg1 Rxb2+ 45. Kf3 Rb3+ 46. Ke4 Rxa3 47. Rd1 Ra4+ 48. Kf3 h6 49.
Rd7 Ng6 50. f5 Rf4+ 51. Kg3 Rg4+ 52. Kxg4 Nxe5+ 53. Kf4 Nxd7 54. fxe6 fxe6
55. Ke3 a5 56. Kd3 Nc5+ 57. Kc4 e5 58. Kd5 a4 59. Kc4 e4 60. Kc3 e3 61. Kc2
e2 62. Kd2 a3 63. Kxe2 a2 64. Ke3 a1=Q 65. Kf4 Qc3 66. Kf5 Qd4 67. Kg6 Qe5
68. h4 Nd7 69. h5 Qf6# { White checkmated } 0-1

[Event "ICC tourney 2263 (75 10)"]
[Site "Internet Chess Club"]
[Date "2021.01.02"]
[Round "2"]
[White "prkukuku"]
[Black "psenguttuvan"]
[Result "0-1"]
[ICCResult "White resigns"]
[WhiteElo "1288"]
[BlackElo "1016"]
[Opening "Giuoco Pianissimo: Italian four knights variation"]
[ECO "C50"]
[NIC "IG.02"]
[Time "14:31:32"]
[PlyCount "46"]
[TimeControl "4500+10"]

1. e4 e5 2. Nf3 Nc6 3. Bc4 Bc5 4. Nc3 Nf6 5. d3 h6 6. Be3 d6 7. O-O Bg4 8.
h3 Bh5 9. g4 Bg6 10. Bb5 Qd7 11. Nxe5 dxe5 12. Bxc5 O-O-O 13. f4 exf4 14.
Rxf4 h5 15. g5 Nh7 16. h4 f6 17. gxf6 Nxf6 18. Qf3 Ng4 19. a4 a6 20. Bc4
Nd4 21. Bxd4 Qxd4+ 22. Kf1 Nh2+ 23. Ke2 Nxf3 { White resigns } 0-1

[Event "ICC tourney 2263 (75 10)"]
[Site "Internet Chess Club"]
[Date "2021.01.02"]
[Round "2"]
[White "MarNira17"]
[Black "oxdidi"]
[Result "0-1"]
[ICCResult "White checkmated"]
[WhiteElo "1303"]
[BlackElo "959"]
[Opening "Giuoco Pianissimo: Italian four knights variation"]
[ECO "C50"]
[NIC "IG.02"]
[Time "14:31:27"]
[PlyCount "70"]
[TimeControl "4500+10"]

1. e4 e5 2. Nf3 Nc6 3. Bc4 Bc5 4. Nc3 Nf6 5. d3 h6 6. Be3 Bb6 7. O-O O-O 8.
Nd5 d6 9. Nxb6 axb6 10. Qd2 Kh7 11. h3 Qe7 12. c3 Be6 13. Bb3 Qd7 14. Bxe6
Qxe6 15. b3 Ne7 16. d4 Rad8 17. d5 Qd7 18. Qd3 Kg8 19. Rfe1 Ng6 20. c4 Nh5
21. g4 Nhf4 22. Qd2 Nxh3+ 23. Kf1 Qxg4 24. Nh2 Qg1+ 25. Ke2 Qxh2 26. Rh1
Qg2 27. Qd3 Ngf4+ 28. Bxf4 Nxf4+ 29. Ke3 Nxd3 30. Kxd3 Qxf2 31. Raf1 Qd4+
32. Kc2 Ra8 33. Kb1 Qd2 34. Rfg1 Rxa2 35. Rxh6 Qb2# { White checkmated }
0-1

[Event "ICC tourney 2263 (75 10)"]
[Site "Internet Chess Club"]
[Date "2021.01.02"]
[Round "2"]
[White "martinjames28"]
[Black "kitook"]
[Result "1-0"]
[ICCResult "Black checkmated"]
[WhiteElo "1196"]
[BlackElo "426"]
[Opening "QGD: 4.Nf3"]
[ECO "D37"]
[NIC "QO.16"]
[Time "14:31:27"]
[PlyCount "79"]
[TimeControl "4500+10"]

1. d4 d5 2. c4 e6 3. Nc3 Nf6 4. Nf3 Nc6 5. Bg5 Be7 6. e3 O-O 7. Bd3 Nb8 8.
O-O Nbd7 9. Qc2 Re8 10. cxd5 exd5 11. Rac1 Nf8 12. Bf4 c6 13. Ne5 Bd6 14.
Qe2 N6d7 15. Nxf7 Kxf7 16. Bxd6 Kg8 17. Bg3 Nf6 18. Qd2 Be6 19. Rc2 Rc8 20.
Rfc1 Rc7 21. Bxc7 Qxc7 22. Nb5 Qe7 23. Nc3 a6 24. Ne2 Ne4 25. Bxe4 dxe4 26.
Nf4 Bxa2 27. d5 Rd8 28. Qa5 Bxd5 29. Nxd5 Rxd5 30. Qa2 Ng6 31. Rc5 Qe6 32.
Rxd5 cxd5 33. h3 Qf5 34. Rc7 Qe6 35. Rxb7 Qc6 36. Ra7 Qc1+ 37. Kh2 Qf1 38.
Qxd5+ Kh8 39. Qd8+ Nf8 40. Qxf8# { Black checkmated } 1-0

[Event "ICC tourney 2263 (75 10)"]
[Site "Internet Chess Club"]
[Date "2021.01.02"]
[Round "2"]
[White "cautiouscottage"]
[Black "tinyattacker"]
[Result "0-1"]
[ICCResult "White checkmated"]
[WhiteElo "1053"]
[BlackElo "1216"]
[Opening "Grünfeld: exchange variation"]
[ECO "D85"]
[NIC "GI.04"]
[Time "14:31:25"]
[PlyCount "92"]
[TimeControl "4500+10"]

1. d4 Nf6 2. c4 g6 3. Nc3 d5 4. cxd5 Nxd5 5. e4 Nxc3 6. bxc3 Bg7 7. Bd3 c5
8. Ne2 cxd4 9. cxd4 Nc6 10. Bb5 Qa5+ 11. Bd2 Qxb5 12. Rb1 Qc4 13. O-O Bg4
14. f3 Bc8 15. Be3 Qxa2 16. Qd3 Qa6 17. Qd2 O-O 18. Rfc1 Qa5 19. Qd3 Qd8
20. Nc3 Bxd4 21. Bxd4 Qxd4+ 22. Qxd4 Nxd4 23. Rd1 Nc6 24. Nd5 Rb8 25. Kf2
Be6 26. Nc3 Rfd8 27. Rxd8+ Rxd8 28. Rxb7 Rd7 29. Rb2 Ne5 30. Ke3 Nc4+ 31.
Ke2 Nxb2 32. Nb5 Bc4+ 33. Ke3 Bxb5 34. g3 a5 35. f4 a4 36. e5 a3 37. h3 a2
38. g4 a1=Q 39. Ke4 Bd3+ 40. Ke3 Qe1+ 41. Kf3 Qe2+ 42. Kg3 f6 43. exf6 exf6
44. f5 gxf5 45. gxf5 Rg7+ 46. Kf4 Qe4# { White checkmated } 0-1

[Event "ICC tourney 2263 (75 10)"]
[Site "Internet Chess Club"]
[Date "2021.01.02"]
[Round "2"]
[White "Grandslam34"]
[Black "VirginiaGuy"]
[Result "0-1"]
[ICCResult "White resigns"]
[WhiteElo "550"]
[BlackElo "1298"]
[Opening "Caro-Kann: closed (Breyer) variation"]
[ECO "B10"]
[NIC "CK.01"]
[Time "14:31:43"]
[PlyCount "36"]
[TimeControl "4500+10"]

1. e4 c6 2. d3 d5 3. Nd2 e6 4. Ngf3 Ne7 5. g3 Ng6 6. Bg2 Be7 7. O-O O-O 8.
Re1 Nd7 9. h4 Bd6 10. Nf1 h6 11. h5 Nge5 12. Nxe5 Bxe5 13. Nh2 Bc7 14. Ng4
Kh7 15. Qd2 Nf6 16. Nxh6 Nxh5 17. g4 Bf4 18. Qe2 Bxc1 { White resigns } 0-1

[Event "ICC tourney 2263 (75 10)"]
[Site "Internet Chess Club"]
[Date "2021.01.02"]
[Round "2"]
[White "adamdlevy"]
[Black "LeoBerkson"]
[Result "0-1"]
[ICCResult "White checkmated"]
[WhiteElo "909"]
[BlackElo "1136"]
[Opening "Ruy Lopez: exchange variation"]
[ECO "C68"]
[NIC "RL.08"]
[Time "14:31:30"]
[PlyCount "60"]
[TimeControl "4500+10"]

1. e4 e5 2. Nf3 Nc6 3. Bb5 a6 4. Bxc6 dxc6 5. Nxe5 Nf6 6. Nc3 Bc5 7. h3 O-O
8. Nf3 Re8 9. d3 b5 10. a3 Bf5 11. O-O Bc8 12. Re1 Nh5 13. Qd2 h6 14. d4
Bb6 15. e5 c5 16. d5 c4 17. Kh2 f6 18. e6 Qd6+ 19. Kh1 c6 20. dxc6 Qxc6 21.
Qd5 Qxd5 22. Nxd5 Bxf2 23. Nc7 Bxe1 24. Nxe1 Bxe6 25. Nxa8 Rxa8 26. Kh2 Rd8
27. Nf3 Rd1 28. g3 Bd5 29. Ng1 Rf1 30. g4 Rf2# { White checkmated } 0-1

[Event "ICC tourney 2263 (75 10)"]
[Site "Internet Chess Club"]
[Date "2021.01.02"]
[Round "2"]
[White "aaronfeng"]
[Black "MGrei"]
[Result "1-0"]
[ICCResult "Black resigns"]
[WhiteElo "993"]
[BlackElo "1149"]
[Opening "Sicilian: accelerated fianchetto, modern variation"]
[ECO "B34"]
[NIC "SI.33"]
[Time "14:31:35"]
[PlyCount "139"]
[TimeControl "4500+10"]

1. e4 c5 2. Nf3 Nc6 3. d4 cxd4 4. Nxd4 g6 5. Nc3 Bg7 6. Be3 Nf6 7. f4 O-O
8. Be2 Qb6 9. Nxc6 Qxc6 10. Bb5 Qe6 11. e5 d6 12. Qd4 dxe5 13. Qxe5 Qxe5
14. fxe5 Ng4 15. Bc5 a6 16. Bxe7 Re8 17. Bxe8 Bf5 18. Ba4 b5 19. Bb3 Re8
20. Nd5 Be6 21. Nf6+ Nxf6 22. exf6 Bxb3 23. axb3 Bxf6 24. Rxa6 Rxe7+ 25.
Kd1 Bxb2 26. Re1 Rd7+ 27. Ke2 Bc3 28. Rd1 Re7+ 29. Kf3 f5 30. g4 fxg4+ 31.
Kxg4 Re4+ 32. Kf3 Re8 33. Rd7 Rf8+ 34. Kg4 Be5 35. Kh3 Rc8 36. c4 bxc4 37.
bxc4 Rf8 38. c5 Rc8 39. c6 Kh8 40. Raa7 Bf6 41. Rf7 Bg5 42. Rxh7+ Kg8 43.
Rhc7 Rd8 44. Rd7 Rc8 45. c7 Kf8 46. Rb7 Ke8 47. Rh7 Bf4 48. Rb8 Rxb8 49.
cxb8=Q+ Bxb8 50. Rh8+ Kf7 51. Rxb8 Kg7 52. Kg4 Kh6 53. Rb6 Kh7 54. Kg5 Kh8
55. Rxg6 Kh7 56. Rf6 Kg7 57. h4 Kh7 58. h5 Kg7 59. h6+ Kh7 60. Re6 Kh8 61.
Re7 Kg8 62. h7+ Kh8 63. Re8+ Kxh7 64. Kh5 Kg7 65. Kg5 Kf7 66. Re1 Kg7 67.
Re7+ Kf8 68. Kf6 Kg8 69. Ra7 Kh8 70. Kg6 { Black resigns } 1-0

[Event "ICC tourney 2263 (75 10)"]
[Site "Internet Chess Club"]
[Date "2021.01.02"]
[Round "2"]
[White "OS99"]
[Black "Sax-Maniac"]
[Result "0-1"]
[ICCResult "White checkmated"]
[WhiteElo "870"]
[BlackElo "1027"]
[Opening "Sicilian: O'Kelly variation"]
[ECO "B28"]
[NIC "SI.43"]
[Time "14:31:21"]
[PlyCount "136"]
[TimeControl "4500+10"]

1. e4 c5 2. Nf3 a6 3. d4 cxd4 4. Nxd4 Nf6 5. Nc3 e6 6. Be2 Be7 7. O-O O-O
8. Be3 d5 9. e5 Nfd7 10. f4 Nc6 11. Nxc6 bxc6 12. Qe1 Nb6 13. Rd1 Qc7 14.
Qg3 Rd8 15. f5 exf5 16. Bh6 g6 17. Bd3 Bc5+ 18. Kh1 Bd4 19. Rde1 Re8 20.
Bxf5 Bxe5 21. Qg5 f6 22. Qg4 Bxf5 23. Rxf5 Kf7 24. Rff1 Bxh2 25. Qh4 Be5
26. Qf2 f5 27. Re3 Bd4 28. Re7+ Rxe7 29. Qxd4 Ke8 30. Qh8+ Kd7 31. Qf6 Qd6
32. Qxd6+ Kxd6 33. Bf4+ Kd7 34. Bg5 Re6 35. Nd1 Nc4 36. b3 Na3 37. c3 Nc2
38. Nf2 Ne3 39. Re1 Ng4 40. Rxe6 Kxe6 41. Nxg4 fxg4 42. Bc1 Rf8 43. Ba3
Rf1+ 44. Kh2 Rf2 45. Kg3 Rxa2 46. Bc1 Rc2 47. Bh6 Rxc3+ 48. Kxg4 Rxb3 49.
Bd2 Rb2 50. Bg5 Rxg2+ 51. Kf3 Rxg5 52. Kf4 Rg1 53. Kf3 a5 54. Kf2 Rc1 55.
Ke3 a4 56. Kd2 Rh1 57. Kc2 a3 58. Kb3 Rh2 59. Kxa3 g5 60. Kb3 g4 61. Kc3 g3
62. Kd3 g2 63. Ke3 g1=Q+ 64. Kf4 Qd4+ 65. Kf3 Rh3+ 66. Kg2 Ra3 67. Kh2 Qd2+
68. Kg1 Ra1# { White checkmated } 0-1

[Event "ICC tourney 2263 (75 10)"]
[Site "Internet Chess Club"]
[Date "2021.01.02"]
[Round "2"]
[White "oecooke"]
[Black "goodgovernment"]
[Result "0-1"]
[ICCResult "White resigns"]
[WhiteElo "1022"]
[BlackElo "1380"]
[Opening "Scotch gambit: Benima defense"]
[ECO "C44"]
[NIC "SO.06"]
[Time "14:31:21"]
[PlyCount "146"]
[TimeControl "4500+10"]

1. e4 e5 2. Nf3 Nc6 3. d4 exd4 4. Bc4 Be7 5. c3 dxc3 6. Qd5 Nh6 7. Bxh6 O-O
8. Be3 cxb2 9. Bd4 Nxd4 10. Qxd4 Bf6 11. e5 bxa1=Q 12. Qxa1 Qe7 13. O-O Bg5
14. Qd4 Bh6 15. Qg4 Kh8 16. Re1 d6 17. Qg3 Be6 18. Bxe6 fxe6 19. Re4 Rad8
20. Rh4 dxe5 21. Nc3 Rd3 22. Qxe5 Qf6 23. Qxf6 Rxf6 24. Rc4 Bf4 25. Kf1 Bd6
26. Ke2 Rdxf3 27. gxf3 Bxh2 28. Ne4 Rf5 29. Ke3 b6 30. f4 Bxf4+ 31. Ke2 h6
32. f3 g5 33. Rc6 Bd6 34. Nxd6 cxd6 35. Rc8+ Kg7 36. Rc7+ Rf7 37. Rc6 Rd7
38. Ke3 Kf6 39. Rc8 e5 40. Rf8+ Kg6 41. Rg8+ Kh5 42. Rf8 Re7 43. Rf6 Rd7
44. Rf5 a5 45. a3 Rc7 46. a4 Rc4 47. Rf6 Rxa4 48. Rxd6 g4 49. fxg4+ Rxg4
50. Rxb6 a4 51. Kf3 Rf4+ 52. Kg3 Kg5 53. Rb5 Kf5 54. Rb6 Rg4+ 55. Kf3 h5
56. Rb8 e4+ 57. Ke3 Rg3+ 58. Kf2 Rf3+ 59. Ke2 Kf4 60. Rf8+ Kg3 61. Rg8+ Kh4
62. Rg1 a3 63. Rh1+ Kg4 64. Rg1+ Kf4 65. Rh1 a2 66. Rh2 a1=Q 67. Rh4+ Kg3
68. Rxh5 Qb2+ 69. Ke1 Re3+ 70. Kd1 Rd3+ 71. Ke1 Qc1+ 72. Ke2 Qe3+ 73. Kf1
Qf3+ { White resigns } 0-1

[Event "ICC tourney 2263 (75 10)"]
[Site "Internet Chess Club"]
[Date "2021.01.02"]
[Round "2"]
[White "sassymareese"]
[Black "wanderingeigeas"]
[Result "1-0"]
[ICCResult "Black checkmated"]
[WhiteElo "1375"]
[BlackElo "1177"]
[Opening "French: exchange variation"]
[ECO "C01"]
[NIC "FR.01"]
[Time "14:31:27"]
[PlyCount "151"]
[TimeControl "4500+10"]

1. e4 e6 2. d4 d5 3. exd5 exd5 4. c4 Nc6 5. Nf3 Bg4 6. Be3 Nf6 7. Nc3 Bb4
8. a3 Bxc3+ 9. bxc3 O-O 10. Be2 Ne4 11. Rc1 Na5 12. cxd5 Qxd5 13. O-O Nc4
14. Bxc4 Qxc4 15. Re1 Rad8 16. h3 Be6 17. a4 Nc5 18. Nd2 Qxa4 19. dxc5 Qc6
20. Qf3 Rd5 21. c4 Rd3 22. Qxc6 bxc6 23. Kf1 Rfd8 24. Nf3 a5 25. Ke2 Rb3
26. Red1 Ra8 27. Rd3 a4 28. Rxb3 axb3 29. Rb1 Bxc4+ 30. Kd2 Ra2+ 31. Kc3
Rc2+ 32. Kb4 Bd5 33. Rxb3 Bxb3 34. Kxb3 Re2 35. Nd4 Re1 36. Nxc6 Kf8 37. g3
Ke8 38. Bd4 f6 39. Kc2 Kd7 40. Kd2 Rb1 41. Na5 Ke6 42. Kc2 Rb4 43. Kc3 Ra4
44. Nc4 Kd5 45. Ne3+ Ke4 46. Nc2 Ra2 47. Nb4 Ra1 48. Kc4 Rc1+ 49. Bc3 Kf3
50. Nd5 Kxf2 51. Nxc7 Rd1 52. Nd5 Rb1 53. c6 Rb8 54. c7 Rc8 55. Ba5 Kxg3
56. Ne7 Re8 57. Kd5 Kxh3 58. Ke6 g5 59. Kd7 Ra8 60. Nc6 Rf8 61. Nd8 g4 62.
c8=Q g3 63. Ke7+ Kh2 64. Kxf8 g2 65. Qc2 Kg3 66. Bc7+ Kf3 67. Qd1+ Kf2 68.
Qd2+ Kf3 69. Bb6 h5 70. Qf2+ Kg4 71. Qxf6 h4 72. Qf2 h3 73. Bc7 Kh5 74. Qg3
Kh6 75. Nf7+ Kh7 76. Qg8# { Black checkmated } 1-0

[Event "ICC tourney 2263 (75 10)"]
[Site "Internet Chess Club"]
[Date "2021.01.02"]
[Round "3"]
[White "mooose"]
[Black "LeoBerkson"]
[Result "0-1"]
[ICCResult "White resigns"]
[WhiteElo "771"]
[BlackElo "1136"]
[Opening "Three knights game"]
[ECO "C46"]
[NIC "KP.06"]
[Time "18:02:11"]
[PlyCount "26"]
[TimeControl "4500+10"]

1. e4 e5 2. Nf3 Nc6 3. Nc3 Bc5 4. d3 Nf6 5. Be3 d6 6. d4 exd4 7. Bxd4 Bb6
8. Bxb6 axb6 9. Bb5 O-O 10. O-O Bg4 11. Re1 Ne5 12. Qd2 Bxf3 13. gxf3 Nxf3+
{ White resigns } 0-1